 Dungeon Crawl Stone Soup version 0.24-a0-269-g32ec7ca (webtiles) character file.

Game seed: 12487871773748873563

728 AngleWyrm the Caller (level 7, 0/42 HPs)
             Began as a Merfolk Summoner on Apr 21, 2019.
             Was an Initiate of Hepliaklqana.
             Killed from afar by an orc wizard (9 damage)
             ... with a magic dart
             ... on level 5 of the Dungeon.
             The game lasted 01:11:23 (4568 turns).

AngleWyrm the Caller (Merfolk Summoner)             Turns: 4568, Time: 01:11:24

Health: 0/42       AC:  7    Str: 11    XL:     7   Next: 72%
Magic:  8/12       EV: 13    Int: 14    God:    Hepliaklqana [......]
Gold:   235        SH:  0    Dex: 14    Spells: 4/13 levels left

rFire    . . .     SeeInvis +   b - +4 dagger
rCold    + . .     Gourm    .   (no shield)
rNeg     . . .     Faith    .   a - +0 robe
rPois    .         Spirit   .   (helmet restricted)
rElec    .         Reflect  .   (no cloak)
rCorr    .         Harm     .   (no gloves)
MR       .....                  h - +2 pair of boots
Stlth    ++........             (no amulet)
HPRegen  0.14/turn              p - ring of see invisible
MPRegen  0.13/turn              (no ring)

@: very slightly contaminated, lightly drained
A: change form in water, swift swim, stealthy swim, reduced essence, antennae 1,
thin metallic scales 1, cold resistance 1
a: Recall Ancestor, Ancestor Identity, Renounce Religion


You were on level 5 of the Dungeon.
You worshipped Hepliaklqana.
Hepliaklqana was noncommittal.
You were not hungry.

You visited 1 branch of the dungeon, and saw 5 of its levels.

You collected 235 gold pieces.

Inventory:

Hand Weapons
 b - a +4 dagger (weapon)
 m - a +1 dagger of speed
 n - a +4 flail of draining
 t - a +0 short sword
 C - a +0 mace of protection
Missiles
 d - 113 stones (quivered)
 o - 29 arrows
 y - a throwing net
Armour
 a - a +0 robe (worn)
 h - a +2 pair of boots (worn)
 w - a +0 leather armour
 z - a +2 helmet
Jewellery
 j - an uncursed amulet of harm
 l - an uncursed amulet of rage
 p - a ring of see invisible (left hand)
 r - a cursed ring of attention {unknown}
 s - a +2 ring of evasion {unknown}
 x - a +4 ring of intelligence {unknown}
 B - an uncursed ring of fire {unknown}
Wands
 g - a wand of disintegration (6)
Scrolls
 e - 2 scrolls of remove curse
 f - 2 scrolls of teleportation
 k - a scroll of enchant armour
 v - a scroll of magic mapping {unknown}
Potions
 i - a potion of degeneration
Comestibles
 c - 3 rations


   Skills:
 + Level 0.8(0.5) Fighting
 * Level 4.2(4.0) Short Blades
 + Level 0.9(0.7) Throwing
 * Level 2.2(2.0) Armour
 + Level 3.6(3.4) Dodging
 + Level 2.8(2.6) Stealth
 + Level 3.8(3.6) Spellcasting
 + Level 5.9(5.7) Summonings
 + Level 0.2(0.0) Evocations


You had 4 spell levels left.
You knew the following spells:

 Your Spells              Type           Power        Failure   Level  Hunger
a - Summon Small Mammal   Summ           ###.         1%          1    None
b - Call Imp              Summ           ###.....     3%          2    ##.....
c - Call Canine Familiar  Summ           ###.....     6%          3    ###....
d - Summon Guardian Gole  Hex/Summ       ##......     19%         3    ###....

Your spell library contained the following spells:

 Spells                   Type           Power        Failure   Level  Hunger
 Summon Ice Beast         Ice/Summ       ##......     52%         4    ####...
 Summon Lightning Spire   Summ/Air       ##......     52%         4    ####...


Dungeon Overview and Level Annotations

Branches:
Dungeon (5/15)             Temple (0/1) D:4

Altars:
Ashenzari
Hepliaklqana
Kikubaaqudgha
Sif Muna


Innate Abilities, Weirdness & Mutations

You revert to your normal form in water You are very nimble and swift while swimming.
You are very stealthy in the water. (Stealth+)
Your life essence is reduced to manifest your ancestor. (-10% HP)
You have a pair of small antennae on your head.
You are partially covered in thin metallic scales. (AC +2)
Your flesh is cold resistant. (rC+)


Message History

Casting: Call Imp (safe; 3% risk of failure)
Confirm with . or Enter, or press ? or * to list all spells.
A beastly little devil appears in a puff of frigid air.
Throwing (i - inventory. (/) - cycle)
d - 114 stones (quivered)
Press: ? - help, Shift-Dir - straight line, f/p - orc priest
Aim: an orc priest, wielding a +0 hand axe and wearing a cursed -1 leather armour You throw a stone.
The stone hits the orc wizard but does no damage.
Edwyna hits the orc wizard.
The orc priest invokes the aid of Beogh against you.
Beogh smites you!
* * * LOW HITPOINT WARNING * * *
The orc wizard looks satisfied for a moment.
You feel better.
The orc wizard hits you with a +0 dagger.
* * * LOW HITPOINT WARNING * * *
Edwyna hits the orc wizard.
The orc wizard points at you and mumbles some strange words.
The magic dart hits you!
You die...

######## #......#
#.####5#
#######.####R####...
..........@.o.oSo...
#######.#.#######...
###########.#.#
#.............#
#.......###.###
#....<..###+##
#.......#....#
##......#....#
#.####.#....#


You could see the friendly Edwyna the ancestor, an orc priest, 2 orc wizards and
an adder.

Vanquished Creatures
  Grinder (D:4)
  Menkaure (D:4)
  An orc wizard (D:3)
  A worker ant (D:4)
  A howler monkey skeleton (D:4)
  6 adders
  An adder skeleton (D:4)
  A worm (D:4)
  3 dart slugs (D:1)
  2 leopard geckos
  5 orcs
  2 bats
  5 giant cockroaches
  A goblin (D:1)
  A hobgoblin (D:1)
  6 jackals
  2 quokkas
  3 frilled lizards
  5 kobolds
  5 rats
53 creatures vanquished.

Vanquished Creatures (collateral kills)
  Edmund (D:4)
  An ice beast (D:5)
  A scorpion (D:2)
  An orc priest (D:4)
  A hound (D:4)
  An orc wizard (D:4)
  Jessica (D:3)
  A gnoll (D:1)
  4 adders
  2 worms (D:2)
  A leopard gecko (D:3)
  5 orcs
  A bat (D:3)
  A giant cockroach (D:3)
  3 goblins
  4 hobgoblins
  2 jackals
  A ball python (D:3)
  A frilled lizard (D:2)
  5 kobolds
  6 rats
44 creatures vanquished.

Vanquished Creatures (others)
  An ancestor (D:4)
1 creature vanquished.

Grand Total: 98 creatures vanquished

Notes
Turn   | Place    | Note
-------+----------+-------------------------------------------
     0 | D:1      | AngleWyrm the Merfolk Summoner began the quest for the Orb.
     0 | D:1      | Reached XP level 1. HP: 13/13 MP: 3/3
   172 | D:1      | Reached XP level 2. HP: 5/19 MP: 1/5
   176 | D:1      | Learned a level 2 spell: Call Imp
   567 | D:1      | Reached skill level 1 in Short Blades
   650 | D:1      | Reached XP level 3. HP: 24/24 MP: 6/6
  1030 | D:2      | Learned a level 3 spell: Call Canine Familiar
  1291 | D:2      | Noticed a scorpion
  1310 | D:2      | Killed a scorpion
  1310 | D:2      | Reached XP level 4. HP: 13/30 MP: 2/8
  1312 | D:2      | Gained mutation: Your flesh is cold resistant. (rC+)
                  | [potion of mutation]
  1312 | D:2      | Gained mutation: You are partially covered in thin metallic
                  | scales. (AC +2) [potion of mutation]
  1312 | D:2      | Gained mutation: You have a pair of small antennae on your
                  | head. [potion of mutation]
  1640 | D:2      | Reached skill level 1 in Armour
  1640 | D:2      | Reached XP level 5. HP: 34/35 MP: 4/9
  1942 | D:2      | Learned a level 3 spell: Summon Guardian Golem
  2102 | D:3      | Found a shattered altar of Ashenzari.
  2102 | D:3      | Found a deep blue altar of Sif Muna.
  2125 | D:3      | Became a worshipper of Sif Muna the Loreminder
  2381 | D:3      | Noticed Jessica
  2389 | D:3      | Killed Jessica
  2389 | D:3      | Reached skill level 5 in Summonings
  3353 | D:4      | Reached XP level 6. HP: 39/41 MP: 6/10
  3383 | D:4      | Found a staircase to the Ecumenical Temple.
  3424 | D:4      | Found an ancient bone altar of Kikubaaqudgha.
  3752 | D:4      | Noticed Grinder
  3771 | D:4      | Paralysed by Grinder for 4 turns
  3806 | D:4      | Paralysed by Grinder for 5 turns
  3821 | D:4      | Killed Grinder
  3983 | D:4      | Found a hazy altar of Hepliaklqana.
  3991 | D:4      | Fell from the grace of Sif Muna
  3991 | D:4      | Became a worshipper of Hepliaklqana the Forgotten
  4032 | D:4      | Noticed Menkaure
  4040 | D:4      | Killed Menkaure
  4040 | D:4      | Reached XP level 7. HP: 42/42 MP: 6/12
  4062 | D:4      | Noticed Edmund
  4076 | D:4      | Killed Edmund
  4506 | D:5      | Entered Level 5 of the Dungeon
  4568 | D:5      | Killed from afar by an orc wizard

Levels and vault maps discovered:
D:1:      evilmike_arrival_rings, layout_rooms
D:2:      layout_basic
D:3:      layout_basic, grunt_temple_overflow_open, uniq_jessica
D:4:      layout_basic, old_standard_altar, old_standard_altar,
          minmay_temple_entry_junction, uniq_edmund, uniq_menkaure, uniq_grinder
D:5:      layout_basic, first_ration, uniq_blork_the_orc, uniq_duvessa

Skill      XL: |  1  2  3  4  5  6  7 |
---------------+----------------------+-----
Short Blades   | 1 2 3 4 |  4.2
Dodging        | 3 |  3.6
Armour         | 1 2 |  2.2
Summonings     | 5 |  5.9
Spellcasting   | 3 |  3.8
Fighting       | |  0.8
Throwing       | |  0.9
Stealth        | |  2.8
Evocations     | |  0.2

Action                   |  1- 3 |  4- 6 |  7- 9 || total
-------------------------+-------+-------+-------++-------
Melee: Dagger            |    76 |    99 |    19 ||   194
Throw: Stone             |     2 |    10 |     6 ||    18
 Cast: Summon Small Mamm |    12 |       |       ||    12
       Call Imp          |    14 |    26 |     5 ||    45
       Call Canine Famil |     1 |    11 |     1 ||    13
       Summon Guardian G |       |     1 |       ||     1
Invok: Ancestor Identity |       |     1 |       ||     1
Evoke: Wand              |       |     1 |     3 ||     4
  Use: Scroll            |     8 |     2 |       ||    10
       Potion            |     1 |     6 |     1 ||     8
 Stab: Sleeping          |     1 |     3 |       ||     4
       Distracted        |     1 |     1 |       ||     2
  Eat: Chunk             |     2 |     7 |     1 ||    10
       Ration            |       |     2 |       ||     2
Armor: Robe              |    17 |    27 |     5 ||    49
Dodge: Dodged            |    44 |    41 |     4 ||    89

Table legend:
 A = Non-vault XP
 B = Vault XP
 C = Vault XP percentage of total XP
 D = Non-vault monster count
 E = Vault monster count
 F = Vault count percentage of total count
                 A         B        C        D         E       F
            +---------+---------+-------+---------+---------+-------
      Total |     584 |     456 |  43.8 |      93 |       4 |   4.1
            +---------+---------+-------+---------+---------+-------
        D:1 |      43 |       0 |   0.0 |      22 |       0 |   0.0
        D:2 |     127 |       0 |   0.0 |      24 |       0 |   0.0
        D:3 |     103 |      19 |  15.6 |      29 |       1 |   3.3
        D:4 |     191 |     437 |  69.6 |      14 |       3 |  17.6
        D:5 |     120 |       0 |   0.0 |       4 |       0 |   0.0
            +---------+---------+-------+---------+---------+-------
